 Dungeon Crawl Stone Soup version 0.30-a0-924-g0ad0bf95bc (webtiles) character file.

Game seed: 14339946919396251824

22743 jasper the Cleaver (level 12, -4/99 HPs)
             Began as a Demonspawn Reaver on Mar 22, 2023.
             Was a Priest of Ru.
             Slain by an elephant (12 damage)
             ... on level 3 of the Lair of Beasts.
             The game lasted 00:23:00 (14866 turns).

jasper the Cleaver (Demonspawn Reaver)             Turns: 14866, Time: 00:23:00

Health: -4/99      AC: 24    Str: 16    XL:     12   Next: 65%
Magic:  15/15      EV: 11    Int: 15    God:    Ru [***...]
Gold:   935        SH:  0    Dex: 13    Spells: 14/15 levels left

rFire   . . .      SeeInvis .    A - +2 battleaxe (freeze)
rCold   + + +      Faith    .    (shield currently unavailable)
rNeg    . . .      Spirit   .    P - +1 plate armour {Will+}
rPois   +          Reflect  .    M - +0 helmet of the Ward {*Corrode +Inv rPois rC++}
rElec   .          Rampage  .    (cloak unavailable)
rCorr   .                        n - +0 pair of gloves
Will    +....                    L - +2 pair of boots Stlth
                                 (no amulet)
HPRegen 0.36/turn                D - +4 ring of protection
MPRegen 0.14/turn                c - ring of protection from cold

@: agile, corroded, unable to drink
A: icy blue scales 2, powered by pain 2, inability to drink after injury 2, no
fire magic, no hexes magic, no translocations magic, disrupted magic 1, weakness
stinger 3
a: Renounce Religion, Evoke Invisibility, Draw Out Power


You were on level 3 of the Lair of Beasts.
You worshipped Ru.
Ru was most pleased with you.
You visited 2 branches of the dungeon, and saw 14 of its levels.

You collected 935 gold pieces.

Inventory:

Hand Weapons
 A - a +2 battleaxe of freezing (weapon)
 T - a +0 battleaxe of flaming
Missiles
 e - 97 stones (quivered)
 i - 9 boomerangs
 j - 7 boomerangs of dispersal
 v - 2 throwing nets
 N - 11 javelins
Armour
 n - a +0 pair of gloves (worn)
 L - a +2 pair of boots (worn)
 M - the +0 helmet of the Ward (worn) {*Corrode +Inv rPois rC++}
   (You found it on level 9 of the Dungeon)

   rC:        It greatly protects you from cold.
   rPois:     It protects you from poison.
   +Inv:      It lets you turn invisible.
   *Corrode:  It may corrode you when you take damage.
 P - a +1 plate armour of willpower (worn)
Jewellery
 c - a ring of protection from cold (right hand)
 q - a +6 ring of dexterity
 D - a +4 ring of protection (left hand)
 V - a ring of positive energy
 Z - a ring of magical power
Wands
 b - a wand of digging (3)
 o - a wand of acid (6)
 H - a wand of charming (18)
 K - a wand of polymorph (10)
Scrolls
 r - 2 scrolls of enchant weapon
 u - 2 scrolls of fear
 y - 9 scrolls of teleportation
 C - a scroll of blinking
 F - 6 scrolls of immolation
 J - 2 scrolls of identify
 O - 5 scrolls of magic mapping
 R - 3 scrolls of butterflies
 S - 3 scrolls of poison
 U - 2 scrolls of enchant armour
 W - a scroll of brand weapon
Potions
 a - a potion of flight
 f - 3 potions of haste
 h - a potion of attraction
 k - 2 potions of cancellation
 l - 3 potions of ambrosia
 p - 8 potions of curing
 t - 2 potions of magic
 z - 4 potions of degeneration
 B - 6 potions of might
 E - a potion of brilliance
 G - 6 potions of mutation
 X - a potion of lignification
 Y - 2 potions of heal wounds


   Skills:
 + Level 10.7 Fighting
 * Level 13.7 Axes
 + Level 9.2 Armour
 - Level 2.1 Dodging
 - Level 2.0 Spellcasting
 - Level 3.0 Conjurations
 - Level 6.0 Evocations


You had 14 spell levels left.
You knew the following spells:

 Your Spells              Type           Power      Damage    Failure   Level
a - Kiss of Death         Conj/Necr      24%        2d7       99%         1

Your spell library contained the following spells:

 Spells                   Type           Power      Damage    Failure   Level
 Necrotise                Necr           4%         1d4       100%        1
 Call Canine Familiar     Summ           1%         N/A       100%        3
 Hailstorm                Conj/Ice       6%         3d4       100%        3
 Stone Arrow              Conj/Erth      12%        3d7       100%        3
 Vampiric Draining        Necr           1%         2d6       100%        3
 Animate Armour           Summ/Erth      2%         N/A       100%        4
 Agony                    Necr           1%         N/A       100%        5
 Arcjolt                  Conj/Air       3%         1d13      100%        5
 Freezing Cloud           Conj/Ice/Air   2%         6-21      100%        5
 Simulacrum               Ice/Necr       0%         N/A       100%        6
 Orb of Destruction       Conj           5%         9d5       100%        7
 Spellforged Servitor     Conj/Summ      3%         N/A       100%        7
 Lehudib's Crystal Spear  Conj/Erth      3%         10d2      100%        8
 Maxwell's Capacitive Co  Air            0%         ∞         100%        8
 Polar Vortex             Ice            0%         N/A       100%        9
 Momentum Strike          Conj/Tloc      Unusable   3d8       N/A         2
 Portal Projectile        Hex/Tloc       Unusable   N/A       N/A         3
 Summon Guardian Golem    Hex/Summ       Unusable   N/A       N/A         3
 Vhi's Electric Charge    Tloc/Air       Unusable   N/A       N/A         3
 Leda's Liquefaction      Hex/Erth       Unusable   N/A       N/A         4

Dungeon Overview and Level Annotations

Branches:
Dungeon (11/15)            Temple (0/1) D:5            Lair (3/5) D:11
  Swamp (0/4) Lair:2       Spider (0/4) Lair:2          Orc (0/2) D:11

Altars:
Gozag
Ru
Uskayaw
Vehumet
Yredelemnul

Portals:
Trove: D:10 (show slimy rune of Zot)


Innate Abilities, Weirdness & Mutations

You are mostly covered in icy blue scales. (AC +3)
You sometimes gain power by taking damage.
You sometimes lose the ability to drink potions when taking damage.
You cannot study or cast Fire magic.
You cannot study or cast Hexes magic.
You cannot study or cast Translocations magic.
Your casting is slightly disrupted.
You have a sharp stinger which inflicts weakening toxins.


Message History

The elephant tramples you but does no damage.
The elephant trunk-slaps you but does no damage.
The water moccasin bites you but does no damage.
You slash the elephant! You freeze the elephant!
You hit the elephant but do no damage. You hit the wyvern.
You freeze the wyvern. You hit the water moccasin.
You freeze the water moccasin. The wyvern misses you.
The water moccasin closely misses you. The elephant tramples you.
You hold your ground!
The elephant completely misses you. The elephant tramples you.
You hold your ground!
The elephant misses you.
The wyvern bites you but does no damage.
You take 5 damage, and have 32/99 hp.
You hit the water moccasin.
The water moccasin seems to slow down.
You freeze the water moccasin. You hit the elephant but do no damage.
You hit the elephant. You freeze the elephant. You barely miss the wyvern.
The wyvern barely misses you. The water moccasin barely misses you.
The elephant tramples you but does no damage.
The elephant barely misses you.
The elephant tramples you but does no damage.
The elephant trunk-slaps you.
You take 1 damage, and have 31/99 hp.
You hit the elephant but do no damage. You completely miss the elephant.
You completely miss the wyvern. You miss the water moccasin.
The wyvern bites you!
You feel threatened and lose the ability to drink potions!
* * * LOW HITPOINT WARNING * * *
The elephant tramples you but does no damage.
The elephant barely misses you.
The water moccasin bites you but does no damage.
The elephant tramples you!
* * * LOW HITPOINT WARNING * * *
You focus on the pain.
You feel more agile all of a sudden.
You hold your ground!
The elephant barely misses you. The wyvern barely misses you.
You hit the water moccasin but do no damage.
You hit the elephant but do no damage. x2; You hit the wyvern.
You freeze the wyvern. The wyvern closely misses you.
The elephant tramples you!
You die...

... .....#......##.. .....
##...##.....##..
#....####.#.###.........
........................
........†...............
........................
.......Y................
.<....lSYY.........#....
.......@YY........#####.
##....########....## ##.
#.... ##### #>...P# ... .
..... #.P.###....## ... .#
##..> #..<..+....# ... ..#
#.... #...#.#....# ... .#
##...#####.. #....###..# .##
######P....###.####....##..##
...
..........#..###.##.....##..#


You could see 5 elephants, a water moccasin (slow) and a wyvern.

Vanquished Creatures
  Josephine (Lair:3)
  A hydra (Lair:3)
  A catoblepas (Lair:1)
  A vault guard (D:10)
  2 two-headed ogres
  An ugly thing (D:11)
  A will-o-the-wisp (Lair:2)
  A black mamba (Lair:1)
  Maurice (D:9)
  Joseph (D:8)
  A guardian serpent (D:11)
  2 vault sentinels (D:7)
  A gargoyle (D:11)
  4 cane toads
  Psyche (D:9)
  3 kobold demonologists
  4 komodo dragons
  2 trolls
  A meliai (Lair:2)
  A polar bear (Lair:2)
  7 blink frogs (Lair:3)
  3 wyverns
  17 yaks
  2 shadows
  4 wraiths (Lair:3)
  3 basilisks
  A steam dragon (D:8)
  3 vampire mosquitoes (D:10)
  3 wargs
  7 water moccasins
  2 acid dragons (D:11)
  Duvessa (D:7)
  3 orc warriors
  An ice beast (D:5)
  A sky beast (D:7)
  4 black bears
  An ogre (D:7)
  12 wolves
  5 centaurs
  A phantom (D:4)
  4 kobold brigands
  8 bullfrogs
  5 scorpions
  2 gnoll sergeants
  3 wights (D:6)
  Dowan (D:7)
  5 killer bees (Lair:2)
  5 howler monkeys
  3 electric eels
  4 hounds
  A jelly (D:6)
  2 orc priests (D:11)
  2 iguanas
  2 sleepcaps
  Natasha (D:1)
  7 orc wizards
  Robin (D:3)
  12 gnolls
  7 adders
  A shadow imp (D:7)
  2 ufetubi
  3 worms
  5 dart slugs
  39 orcs
  11 ball pythons
  3 bats
  7 endoplasms
  2 giant cockroaches
  10 goblins
  8 hobgoblins
  4 jackals (D:4)
  19 kobolds
  3 quokkas
  5 frilled lizards
  11 rats
320 creatures vanquished.

Vanquished Creatures (others)
  An orc (D:9)
  A kobold (D:10)
  4 foxfires (Lair:2)
  11 fungi (Lair:3)
  14 plants
31 creatures vanquished.

Grand Total: 351 creatures vanquished

Notes
Turn   | Place    | Note
-------+----------+-------------------------------------------
     0 | D:1      | jasper the Demonspawn Reaver began the quest for the Orb.
     0 | D:1      | Reached XP level 1. HP: 16/16 MP: 3/3
   222 | D:1      | Reached skill level 3 in Axes
   225 | D:1      | Gained mutation: You sometimes gain a little power by
                  | taking damage. [demonic ancestry]
   225 | D:1      | Reached XP level 2. HP: 14/22 MP: 5/5
  1123 | D:2      | Noticed Natasha
  1125 | D:2      | Noticed a crimson imp
  1130 | D:1      | Killed Natasha
  1131 | D:1      | Gained mutation: You have a small tail. [demonic ancestry]
  1131 | D:1      | Reached XP level 3. HP: 7/26 MP: 6/6
  1402 | D:2      | Found a faded altar of an unknown god.
  1488 | D:2      | Reached skill level 4 in Axes
  1707 | D:2      | Gained mutation: You are partially covered in icy blue
                  | scales. (AC +2) [demonic ancestry]
  1707 | D:2      | Reached XP level 4. HP: 29/30 MP: 7/7
  1944 | D:3      | HP: 1/33 [orc/+0 war axe (8)]
  2231 | D:4      | Gained mutation: You have a tail ending in a sharp stinger.
                  | [demonic ancestry]
  2231 | D:4      | Reached XP level 5. HP: 23/36 MP: 6/8
  2341 | D:4      | Noticed a phantom
  2353 | D:4      | Killed a phantom
  2753 | D:5      | Entered Level 5 of the Dungeon
  2828 | D:5      | Noticed a black bear
  2833 | D:4      | Killed a black bear
  2834 | D:4      | Reached XP level 6. HP: 45/47 MP: 9/9
  2854 | D:5      | Found a sacrificial altar of Ru.
  2863 | D:5      | Became a worshipper of Ru the Awakened
  2950 | D:5      | Noticed an ice beast
  2957 | D:5      | Killed an ice beast
  2970 | D:5      | Reached skill level 5 in Evocations
  2970 | D:5      | Reached XP level 7. HP: 24/52 MP: 10/10
  3410 | D:5      | Reached skill level 1 in Armour
  3529 | D:5      | Reached skill level 5 in Axes
  3720 | D:5      | Found a radiant altar of Vehumet.
  3864 | D:5      | Found a staircase to the Ecumenical Temple.
  4026 | D:3      | Found an opulent altar of Gozag.
  4244 | D:3      | Found an opulent altar of Gozag.
  4249 | D:3      | Found an opulent altar of Gozag.
  4256 | D:3      | Noticed Robin
  4281 | D:3      | Found an opulent altar of Gozag.
  4315 | D:3      | Killed Robin
  4325 | D:3      | Gained mutation: You cannot study or cast Fire magic. [Ru
                  | sacrifice]
  4325 | D:3      | Gained mutation: You cannot study or cast Hexes magic. [Ru
                  | sacrifice]
  4325 | D:3      | Gained mutation: You cannot study or cast Translocations
                  | magic. [Ru sacrifice]
  4325 | D:3      | Reached * piety under Ru
  4597 | D:5      | Gained mutation: You have a sharp stinger which inflicts
                  | weakening toxins. [demonic ancestry]
  4597 | D:5      | Reached XP level 8. HP: 33/60 MP: 11/11
  4763 | D:6      | Reached skill level 6 in Axes
  5439 | D:6      | Reached skill level 5 in Fighting
  6368 | D:7      | Reached skill level 7 in Axes
  6435 | D:7      | Gained mutation: You are mostly covered in icy blue scales.
                  | (AC +3) [demonic ancestry]
  6435 | D:7      | Reached XP level 9. HP: 59/68 MP: 12/12
  6635 | D:7      | Noticed Dowan
  6635 | D:7      | Noticed Duvessa
  6642 | D:7      | Killed Duvessa
  6647 | D:7      | Killed Dowan
  6678 | D:7      | Noticed a vault sentinel
  6679 | D:7      | Noticed a vault sentinel
  6698 | D:7      | Killed a vault sentinel
  6699 | D:7      | Reached skill level 8 in Axes
  6701 | D:7      | Killed a vault sentinel
  6915 | D:7      | Noticed a +0 falchion
  6920 | D:7      | Noticed a +0 falchion
  6920 | D:7      | Noticed a +0 short sword
  6921 | D:7      | Noticed a +0 dagger
  6930 | D:7      | Found a hide-covered altar of Uskayaw.
  6930 | D:7      | Noticed a +0 spear
  6930 | D:7      | Noticed a +0 dagger
  6933 | D:7      | Noticed a +0 spear
  6934 | D:7      | Noticed a +0 short sword
  7290 | D:7      | Found the +18 shield of the Gong {Loud rN+ Will+ rCorr
                  | EV-5}
  7376 | D:8      | Noticed Joseph
  7383 | D:8      | Killed Joseph
  7384 | D:8      | Reached skill level 5 in Armour
  7401 | D:8      | Gained mutation: Your casting is slightly disrupted. [Ru
                  | sacrifice]
  7401 | D:8      | Reached ** piety under Ru
  7677 | D:8      | Reached skill level 9 in Axes
  7794 | D:8      | Reached XP level 10. HP: 77/77 MP: 13/13
  8043 | D:8      | Identified the +1 robe "Usoatz" {rN+ Str+2 Stlth+}
  8505 | D:9      | Identified the +0 helmet of the Ward {*Corrode +Inv rPois
                  | rC++}
  8658 | D:9      | Noticed a two-headed ogre
  8665 | D:9      | Killed a two-headed ogre
  8667 | D:9      | Found a basalt altar of Yredelemnul.
  8758 | D:9      | Reached skill level 10 in Axes
  9252 | D:9      | Noticed Psyche
  9264 | D:9      | Killed Psyche
  9437 | D:9      | Noticed Maurice
  9470 | D:9      | Killed Maurice
  9638 | D:10     | Entered Level 10 of the Dungeon
  9945 | D:10     | Reached XP level 11. HP: 77/86 MP: 14/14
  9956 | D:10     | Reached skill level 11 in Axes
  9965 | D:10     | Gained mutation: You occasionally lose the ability to drink
                  | potions when taking damage. [Ru sacrifice]
  9965 | D:10     | Gained mutation: You sometimes lose the ability to drink
                  | potions when taking damage. [Ru sacrifice]
  9965 | D:10     | Reached *** piety under Ru
 10328 | D:10     | Noticed a vault guard
 10336 | D:10     | Killed a vault guard
 10340 | D:10     | Found a portal to a secret trove of treasure.
 10451 | D:11     | Noticed a white ugly thing
 10470 | D:11     | Killed a white ugly thing
 10715 | D:11     | Found a staircase to the Lair.
 11146 | D:11     | Found a staircase to the Orcish Mines.
 11749 | D:11     | Noticed a two-headed ogre
 11762 | D:11     | Killed a two-headed ogre
 11814 | D:11     | Reached skill level 12 in Axes
 12054 | Lair:1   | Entered Level 1 of the Lair of Beasts
 12083 | Lair:1   | Noticed a catoblepas
 12119 | Lair:1   | Killed a catoblepas
 12160 | Lair:1   | Gained mutation: You sometimes gain power by taking damage.
                  | [demonic ancestry]
 12160 | Lair:1   | Reached XP level 12. HP: 61/97 MP: 15/15
 12914 | Lair:2   | Found a hole to the Spider Nest.
 13269 | Lair:2   | Found a staircase to the Swamp.
 13281 | Lair:2   | Reached skill level 10 in Fighting
 13932 | Lair:3   | Noticed a seven-headed hydra
 13940 | Lair:3   | Killed a one-headed hydra
 13941 | Lair:3   | Reached skill level 13 in Axes
 14316 | Lair:3   | Noticed Josephine
 14341 | Lair:3   | Killed Josephine
 14866 | Lair:3   | Slain by an elephant

Illustrated notes

Levels and vault maps discovered:
D:1:      giann_wishing_wells, layout_basic, serial_park_tiny_pond
D:2:      layout_rooms, basic_altar, hellmonk_ecumenical_altar_inner_sanctum,
          uniq_natasha
D:3:      layout_rooms, nicolae_gozag_conspicuous_consumption,
          solitary_fountain, grunt_ministairs_5, chequers_hall_statues_corner_a,
          uniq_robin
D:4:      layout_rooms, interstate_on_off
D:5:      layout_basic, nicolae_vehumet_altar_sigil,
          nicolae_ru_the_path_less_chosen,
          minmay_temple_entry_statues_fountains, item_on_display_b
D:6:      layout_layer_cave, nicolae_water_bricks, kennysheep_doodads
D:7:      layout_loops_corners, nicolae_uskayaw_en_pointe,
          hellmonk_guarded_unrand_gong, uniq_duvessa
D:8:      layout_basic, uniq_joseph
D:9:      layout_basic, mainiacjoe_overflow_surrounded_room, uniq_maurice,
          uniq_psyche
D:10:     layout_gridville, enter_trove_5
D:11:     layout_irregular_city, erik_lair_orcish_takeover, david_orc_2,
          grunt_decor_mini_mirrors, nrook_guardian_serpent_double
Lair:1:   layout_cave_shapes, serial_bayou_shore_a, grunt_megastairs_3
Lair:2:   layout_roguey, minmay_swamp_entry_wisps,
          hellmonk_spider_entry_not_the_bees, st_stairs_4
Lair:3:   layout_regular_city, uniq_josephine

Skill      XL: |  1  2  3  4  5  6  7  8  9 10 11 12 |
---------------+-------------------------------------+-----
Axes           | 3 4 5 7 9 10 12 13 | 13.7
Fighting       | 3 4 5 6 8 9 10 | 10.7
Dodging        | 2 |  2.1
Evocations     | 3 5 6 |  6.0
Armour         | 1 3 5 6 8 9 |  9.2
Spellcasting   | |  2.0
Conjurations   | |  3.0

Action                     |  1- 3 |  4- 6 |  7- 9 | 10-12 || total
---------------------------+-------+-------+-------+-------++-------
  Melee: Hand axe          |    72 |       |       |       ||    72
         Short sword       |    14 |   152 |   130 |       ||   296
         Tailslap          |     4 |    16 |    36 |    74 ||   130
         Punch             |       |     1 |     2 |       ||     3
         Battleaxe         |       |       |   127 |   490 ||   617
  Throw: Stone             |     8 |     3 |     2 |     8 ||    21
         Dart              |       |       |       |     1 ||     1
   Cast: Kiss of Death     |     4 |     1 |       |       ||     5
 Invoke: Sacrifice Arcana  |       |       |     1 |       ||     1
         Sacrifice Essence |       |       |     1 |       ||     1
         Draw Out Power    |       |       |       |     3 ||     3
         Sacrifice Drink   |       |       |       |     1 ||     1
         Reject Sacrifices |       |       |       |     1 ||     1
  Evoke: Wand              |       |     3 |    10 |     4 ||    17
    Use: Scroll            |     3 |     5 |     9 |    12 ||    29
         Potion            |       |     1 |       |       ||     1
   Stab: Sleeping          |       |     1 |       |       ||     1
         Distracted        |       |       |       |     4 ||     4
         Petrified         |       |       |       |     1 ||     1
 Armour: Leather armour    |    22 |    24 |       |       ||    46
         Ring mail         |       |    37 |    10 |       ||    47
         Scale mail        |       |       |   139 |       ||   139
         Chain mail        |       |       |     5 |    13 ||    18
         Plate armour      |       |       |       |   571 ||   571
  Dodge: Dodged            |    41 |    80 |   166 |   213 ||   500

Table legend: (Time is in decaauts)
 A = Elapsed time spent in this place.
 B = Non-inter-level travel time spent in this place.
 C = Inter-level travel time spent in this place.
 D = Time resting spent in this place.
 E = Time spent auto-exploring this place.
 F = Levels seen in this place.
 G = Mean time per level.
                   A        B        C        D        E       F      G
               +--------+--------+--------+--------+--------+-----+--------+
         Total |  15015 |  14126 |    889 |   1385 |   9137 |  14 | 1072.5 |
       Dungeon |  12145 |  11371 |    774 |   1385 |   6933 |  11 | 1104.1 |
          Lair |   2870 |   2755 |    115 |      0 |   2204 |   3 |  956.7 |
               +--------+--------+--------+--------+--------+-----+--------+

Top non-repeatable levels by time:
     D:6: 1691 daAuts
    D:10: 1471 daAuts
     D:9: 1313 daAuts
     D:7: 1250 daAuts
     D:1: 1215 daAuts
     D:5: 1202 daAuts
  Lair:2: 1073 daAuts
  Lair:3: 968 daAuts
    D:11: 966 daAuts
  Lair:1: 828 daAuts
     D:2: 811 daAuts
     D:8: 773 daAuts
     D:3: 745 daAuts
     D:4: 705 daAuts
